 Dungeon Crawl Stone Soup version 0.29.1-1-gd02db6906a (webtiles) character file.

Game seed: 18261126256863802376

147 Ashen the Gusty (level 5, -3/55 HPs)
             Began as a Demonspawn Air Elementalist on Oct 8, 2022.
             Slain by an orc warrior
             ... wielding a +0 halberd
              (10 damage)
             ... on level 3 of the Dungeon.
             The game lasted 00:08:47 (3497 turns).

Ashen the Gusty (Demonspawn Air Elementalist)       Turns: 3497, Time: 00:08:48

Health: -3/55      AC:  5    Str:  8    XL:     5   Next: 7%
Magic:  9/9        EV: 12    Int: 19    God:
Gold:   191        SH:  0    Dex: 13    Spells: 3/9 levels left

rFire   . . .      SeeInvis .   v - +0 dagger (venom)
rCold   . . .      Faith    .   (no shield)
rNeg    . . .      Spirit   .   a - +0 robe
rPois   .          Reflect  .   (no helmet)
rElec   .          Harm     .   (no cloak)
rCorr   .          Rampage  .   (no gloves)
Will    .....                   (no boots)
Stlth   ..........              (no amulet)
HPRegen 0.18/turn               (no ring)
MPRegen 0.11/turn               (no ring)

@: berserking, very quick
A: thin metallic scales 2, ignite blood 1
a: no special abilities


You were on level 3 of the Dungeon.
You visited 1 branch of the dungeon, and saw 4 of its levels.

You collected 191 gold pieces.

Inventory:

Hand Weapons
 f - a +0 dagger
 t - the +6 mace "Vedudd" {vorpal, rElec rPois Str+2}
   (You took it off a kobold on level 3 of the Dungeon)

   It inflicts extra damage upon your enemies.
   Str:       It affects your strength (+2).
   rElec:     It insulates you from electricity.
   rPois:     It protects you from poison.
 v - a +0 dagger of venom (weapon)
Missiles
 i - 6 javelins
Armour
 a - a +0 robe (worn)
Jewellery
 c - a ring of protection from cold
Wands
 q - a wand of acid (7)
 r - a wand of digging (3)
Scrolls
 b - 2 scrolls of identify {unknown}
 e - a scroll of poison {unknown}
 g - a scroll of immolation {unknown}
 j - 3 scrolls of vulnerability {unknown}
 m - a scroll of brand weapon {unknown}
 o - a scroll of silence {unknown}
 p - a scroll of magic mapping {unknown}
 s - a scroll of teleportation {unknown}
Potions
 d - a potion of curing {unknown}
 h - 2 potions of might {unknown}
 k - 2 potions of lignification {unknown}
 l - a potion of mutation {unknown}
 n - a potion of degeneration {unknown}


   Skills:
 + Level 1.3 Fighting
 + Level 2.3 Dodging
 + Level 2.3 Stealth
 * Level 2.7 Spellcasting
 * Level 2.4 Conjurations
 * Level 3.5 Air Magic


You had 3 spell levels left.
You knew the following spells:

 Your Spells              Type           Power      Damage    Failure   Level
a - Shock                 Conj/Air       52%        1d6       4%          1
b - Static Discharge      Conj/Air       13%        3-5/arc   7%          2
c - Swiftness             Air            15%        N/A       11%         3

Your spell library contained the following spells:

 Spells                   Type           Power      Damage    Failure   Level
 Airstrike                Air            7%         2d(2-18)  36%         4


Dungeon Overview and Level Annotations

Branches:
Dungeon (4/15)
 Temple: D:4-7

Altars:
Trog
Yredelemnul


Innate Abilities, Weirdness & Mutations

You are mostly covered in thin metallic scales. (AC +3)
Your demonic aura sometimes causes spilled blood to erupt in flames.


Message History

Things that are here:
a +0 dagger of venom; a +0 robe Your +0 dagger of venom begins to drip with poison!
v - a +0 dagger of venom (weapon)
HP restored.
Magic restored.
You now have 191 gold pieces (gained 9).
An orc warrior comes into view. It is wielding a +0 halberd.
The orc warrior shouts!
You hear the hiss of a very distant avalanche of sand.
The orc warrior hits you from afar with a +0 halberd!
The orc warrior barely misses you.
You see here a +0 robe.
There is a stone staircase leading up here.
The orc warrior closely misses you.
There is a stone staircase leading up here.
The orc warrior hits you with a +0 halberd!
You climb upwards.
There is a stone staircase leading down here.
A red film seems to cover your vision as you go berserk!
You feel yourself moving faster!
You feel mighty!
The orc warrior hits you with a +0 halberd.
You puncture the orc warrior!
The orc warrior looks as sick as possible!
The orc warrior is moderately wounded.
You closely miss the orc warrior.
The orc warrior is moderately wounded.
The orc warrior hits you with a +0 halberd!
* * * LOW HITPOINT WARNING * * *
You closely miss the orc warrior.
The orc warrior is moderately wounded.
The orc warrior barely misses you.
Unknown command.
You closely miss the orc warrior.
The orc warrior is moderately wounded.
You hit the orc warrior.
The orc warrior looks as sick as possible!
The orc warrior is heavily wounded.
The orc warrior hits you with a +0 halberd!
You die...

##..####...................).....
...#........##.####.######.......
...(......#.##.# #..#####.......
............#..# ##.............
............#.##########.........
..............##.................
...........#.##...............###
.............#...o............#
................@............##
.............................#
..##.....#...................#
...##........................#
..........#..................#
............................##
............................#
..(...........#..####......<#
..............##..# ###.#####


You could see an orc warrior (extremely poisoned).

Vanquished Creatures
  2 orc wizards
  3 adders (D:3)
  A worm (D:3)
  2 dart slugs
  7 ball pythons
  8 bats
  3 endoplasms
  5 giant cockroaches
  5 goblins
  2 hobgoblins (D:1)
  5 jackals (D:1)
  6 kobolds
  2 quokkas
  4 frilled lizards (D:1)
  8 rats
63 creatures vanquished.

Notes
Turn   | Place    | Note
-------+----------+-------------------------------------------
     0 | D:1      | Ashen the Demonspawn Air Elementalist began the quest for
                  | the Orb.
     0 | D:1      | Reached XP level 1. HP: 13/13 MP: 3/3
   340 | D:1      | Gained mutation: Your demonic aura sometimes causes spilled
                  | blood to erupt in flames. [demonic ancestry]
   340 | D:1      | Reached XP level 2. HP: 6/19 MP: 3/5
  1048 | D:1      | Reached skill level 3 in Air Magic
  1052 | D:1      | Reached XP level 3. HP: 19/25 MP: 1/6
  2501 | D:2      | Learned a level 2 spell: Static Discharge
  2505 | D:2      | Learned a level 3 spell: Swiftness
  2639 | D:3      | Reached skill level 1 in Fighting
  2794 | D:3      | Identified the +6 mace "Vedudd" {vorpal, rElec rPois Str+2}
  2802 | D:3      | Gained mutation: You are partially covered in thin metallic
                  | scales. (AC +2) [demonic ancestry]
  2802 | D:3      | Reached XP level 4. HP: 32/32 MP: 2/7
  3135 | D:3      | Found a bloodstained altar of Trog.
  3135 | D:3      | Found a basalt altar of Yredelemnul.
  3450 | D:4      | Gained mutation: You are mostly covered in thin metallic
                  | scales. (AC +3) [demonic ancestry]
  3450 | D:4      | Reached XP level 5. HP: 35/37 MP: 6/9
  3479 | D:4      | Noticed an orc warrior
  3497 | D:3      | Slain by an orc warrior

Illustrated notes

Levels and vault maps discovered:
D:1:      matt_arrival_diagonals, layout_rooms, minivault_4
D:2:      layout_basic, minmay_cupped
D:3:      layout_rooms, mainiacjoe_overflow_divided_tiny
D:4:      layout_loops_ring, kennysheep_mini_moat,
          nicolae_ossuary_entry_false_entrances, uniq_ijyb

Skill      XL: |  1  2  3 |
---------------+----------+-----
Stealth        | 2 |  2.3
Dodging        | 2 |  2.3
Air Magic      | 3 |  3.5
Fighting       | 1 |  1.3
Conjurations   | 2 |  2.4
Spellcasting   | |  2.7

Action                   |  1- 3 |  4- 6 || total
-------------------------+-------+-------++-------
Melee: Unarmed           |    25 |       ||    25
       Dagger            |   105 |     6 ||   111
       Punch             |     4 |       ||     4
       Mace              |       |    11 ||    11
 Cast: Shock             |    50 |    24 ||    74
Evoke: Wand              |       |     1 ||     1
  Use: Potion            |     1 |     1 ||     2
 Stab: Sleeping          |     3 |     1 ||     4
Armor: Robe              |    46 |     9 ||    55
Dodge: Dodged            |   139 |    19 ||   158
